 Dungeon Crawl Stone Soup version 0.22.0 (webtiles) character file.

456 Timinator the Changer (level 6, -6/47 HPs)
             Began as a Vampire Transmuter on Jan 12, 2019.
             Mangled by a gnoll
             ... wielding a +0 spear
              (10 damage)
             ... on level 4 of the Dungeon.
             The game lasted 00:21:45 (2745 turns).

Timinator the Changer (Vampire Transmuter)          Turns: 2745, Time: 00:21:46

Health: -6/47      AC:  2    Str: 10    XL:     6   Next: 77%
Magic:  9/9        EV: 14    Int: 18    God:
Gold:   167        SH:  0    Dex: 16    Spells: 8/9 levels left

rFire    . . .     SeeInvis +     - Unarmed
rCold    . . .     Gourm    .   (no shield)
rNeg     + . .     Faith    .   m - +0 robe
rPois    .         Spirit   .   (no helmet)
rElec    .         Reflect  .   (no cloak)
rCorr    +         Harm     .   (no gloves)
MR       +++..     Clarity  +   (no boots)
Stlth    +.........             s - amulet of the Four Winds {rN+ MR+++ Clar}
HPRegen  0.35/turn              g - ring of resist corrosion
MPRegen  0.11/turn              n - +3 ring of intelligence

@: appendage, regenerating quickly, hasted, very quick
A: fangs 3, horns 2, see invisible, unbreathing
a: End Transformation


You were on level 4 of the Dungeon.
You were full.
You had grown temporary horns.
You visited 1 branch of the dungeon, and saw 5 of its levels.

You collected 167 gold pieces.

Inventory:

Hand Weapons
 o - a +1 hunting sling of flaming
Missiles
 a - 12 arrows
 p - 123 stones (quivered)
Armour
 m - a +0 robe (worn)
Jewellery
 g - a ring of resist corrosion (left hand)
 n - a +3 ring of intelligence (right hand)
 s - the amulet of the Four Winds (around neck) {rN+ MR+++ Clar}
   (You found it on level 4 of the Dungeon)

   [amulet of nothing]

   It protects you from negative energy.
   It affects your resistance to hostile enchantments.
   It protects you against confusion.
Scrolls
 b - 3 scrolls of random uselessness {unknown}
 c - 4 scrolls of teleportation {unknown}
 e - a scroll of amnesia {unknown}
 f - 3 scrolls of remove curse {unknown}
 i - a scroll of fear {unknown}
 j - 2 scrolls of identify {unknown}
 l - a scroll of enchant armour {unknown}
Potions
 d - 20 potions of blood
 h - a potion of brilliance {unknown}
 k - a potion of curing
 q - a potion of heal wounds {unknown}
 r - a potion of agility {unknown}
 t - a potion of resistance {unknown}


   Skills:
 + Level 3.3 Fighting
 + Level 3.9 Dodging
 + Level 4.6 Unarmed Combat
 - Level 2.0 Spellcasting
 * Level 5.1 Transmutations


You had 8 spell levels left.
You knew the following spells:

 Your Spells              Type           Power        Failure   Level  Hunger
a - Beastly Appendage     Tmut           ###...       2%          1    #......

Your spell library contained the following spells:

 Spells                   Type           Power        Failure   Level  Hunger
 Spider Form              Tmut/Pois      ##........   19%         3    ###....
 Blade Hands              Tmut           ###.......   52%         5    ######.
 Ice Form                 Ice/Tmut       ##......     54%         4    #####..
 Sticks to Snakes         Tmut           ###.....     3%          2    ###....


Dungeon Overview and Level Annotations

Branches:
Dungeon (5/15)
 Temple: D:4-7

Altars:
Okawaru


Innate Abilities, Weirdness & Mutations

Your natural rate of healing is unusually fast.
You have razor-sharp teeth.
You have supernaturally acute eyesight. (SInv)
You can survive without breathing.
You have a pair of horns on your head.


Message History

The gnoll misses you.
You climb upwards.
There is a stone staircase leading down here.
You hit the gnoll. You headbutt the gnoll.
You kill the gnoll!
The gnoll misses you. The gnoll hits you with a halberd!!
* * * LOW HITPOINT WARNING * * *
It was a potion of haste.
You feel yourself speed up. The gnoll barely misses you.
You barely miss the gnoll.
The gnoll is moderately wounded.
The gnoll closely misses you. The gnoll barely misses you.
You hit the gnoll but do no damage. You bite the gnoll, but do no damage.
The gnoll is moderately wounded.
You barely miss the gnoll. You headbutt the gnoll!
The gnoll is almost dead.
The gnoll hits you with a halberd.
* * * LOW HITPOINT WARNING * * *
The gnoll hits you with a spear!
You die...

#................
#........##...##.
#......#....####.
#................
##.............##.
#............#....
##...........####.#
####..................
#########...g@...........##..#
#...........)>g....%..........
#......#####..............>...
#......#..................###.
#................(........####
#..%......<...................
#............................#
#.........................##).
#.........................####


You could see 2 gnolls.

Vanquished Creatures
  Sigmund (D:3)
  A hound (D:4)
  An orc wizard (D:4)
  2 iguanas
  Terence (D:2)
  A worker ant (D:3)
  Robin (D:3)
  2 gnolls
  2 adders
  3 dart slugs
  4 leopard geckos
  4 orcs
  5 giant cockroaches (D:2)
  14 goblins
  9 hobgoblins
  3 jackals (D:1)
  A quokka (D:3)
  A ball python (D:3)
  5 bats
  4 frilled lizards
  5 kobolds
  A quokka skeleton (D:4)
  8 rats
79 creatures vanquished.

Notes
Turn   | Place    | Note
-------+----------+-------------------------------------------
     0 | D:1      | Timinator the Vampire Transmuter began the quest for the Orb.
     0 | D:1      | Reached XP level 1. HP: 14/14 MP: 3/3
    83 | D:1      | Reached skill level 1 in Fighting
   317 | D:1      | Reached XP level 2. HP: 22/22 MP: 5/5
   982 | D:2      | Reached XP level 3. HP: 22/27 MP: 6/6
  1424 | D:2      | Noticed Terence
  1437 | D:2      | Killed Terence
  1437 | D:2      | Reached skill level 3 in Transmutations
  1437 | D:2      | Reached XP level 4. HP: 28/34 MP: 5/7
  1632 | D:3      | Noticed Sigmund
  1646 | D:3      | Killed Sigmund
  1646 | D:3      | Reached skill level 4 in Transmutations
  1646 | D:3      | Reached XP level 5. HP: 30/41 MP: 6/8
  1646 | D:3      | Reached XP level 6. HP: 35/47 MP: 6/9
  1691 | D:3      | Found an iron altar of Okawaru.
  1866 | D:3      | Noticed Robin
  1876 | D:3      | Killed Robin
  2399 | D:4      | Found the amulet of the Four Winds {rN+ MR+++ Clar}
  2659 | D:4      | Reached skill level 5 in Transmutations
  2727 | D:5      | Entered Level 5 of the Dungeon
  2745 | D:4      | Mangled by a gnoll

Skill      XL: |  1  2  3  4  5  6 |
---------------+-------------------+-----
Fighting       | 1 2 3 |  3.3
Transmutations | 3 4 5 |  5.1
Dodging        | 3 |  3.9
Unarmed Combat | 4 |  4.6
Spellcasting   | |  2.0

Action                   |  1- 3 |  4- 6 || total
-------------------------+-------+-------++-------
Melee: Unarmed           |   144 |   136 ||   280
       Bite              |     9 |    18 ||    27
       Kick              |     9 |    12 ||    21
       Headbutt          |     4 |     5 ||     9
       Punch             |     2 |     5 ||     7
       Hunting sling     |       |     1 ||     1
 Fire: Hunting sling     |       |    20 ||    20
 Cast: Beastly Appendage |     9 |    13 ||    22
 Abil: End Transformatio |       |     1 ||     1
       Bat Form          |       |     1 ||     1
  Use: Potion            |     2 |     7 ||     9
 Stab: Sleeping          |     2 |       ||     2
  Eat: Corpse            |     6 |     2 ||     8
Armor: Robe              |    17 |     4 ||    21
Dodge: Dodged            |    68 |    77 ||   145
